 Dungeon Crawl Stone Soup version 0.29-a0-337-g68df138881 (webtiles) character file.

Game seed: 1684005980331972224

292 rageheart7 the Skirmisher (level 6, 0/58 HPs)
             Began as a Draconian Monk on Apr 16, 2022.
             Slain by a hobgoblin (5 damage)
             ... led by Robin
             ... on level 2 of the Dungeon.
             The game lasted 00:02:03 (1830 turns).

rageheart7 the Skirmisher (Draconian Monk)          Turns: 1830, Time: 00:02:04

Health: 0/58       AC:  6    Str: 15      XL:     6   Next: 10%
Magic:  2/2        EV: 12    Int:  9 (10) God:
Gold:   96         SH:  0    Dex: 12 (14) Spells: 5/5 levels left

rFire   . . .      SeeInvis .   b - +3 scythe (antimagic)
rCold   . . .      Faith    .   (shield currently unavailable)
rNeg    . . .      Spirit   .   (body armour unavailable)
rPois   .          Reflect  .   (helmet restricted)
rElec   .          Harm     .   (no cloak)
rCorr   .          Rampage  .   (no gloves)
Will    +....                   (no boots)
Stlth   ++........              (no amulet)
HPRegen 0.19/turn               (no ring)
MPRegen 0.08/turn               (no ring)

@: no status effects
A: AC +6, unfitting armour, cold-blooded, strong-willed 1
a: no special abilities


You were on level 2 of the Dungeon.
You visited 1 branch of the dungeon, and saw 2 of its levels.

You collected 96 gold pieces.

Inventory:

Hand Weapons
 a - a +0 mace
 b - a +3 antimagic scythe (weapon)
Scrolls
 c - a scroll of silence {unknown}
 e - a scroll of identify {unknown}
 f - a scroll of amnesia {unknown}


   Skills:
 * Level 6.5 Fighting
 - Level 4.5 Maces & Flails
 - Level 2.6 Dodging
 - Level 1.7 Stealth


You had 5 spell levels left.
You didn't know any spells.
Your spell library contained the following spells:

 Spells                   Type           Power      Damage    Failure   Level
 Ensorcelled Hibernation  Hex/Ice        0%         N/A       52%         2
 Passwall                 Tmut/Erth      0%         N/A       52%         2
 Gell's Gravitas          Tloc           0%         N/A       77%         3
 Swiftness                Air            0%         N/A       77%         3
 Teleport Other           Tloc           0%         N/A       77%         3
 Dispersal                Tloc           0%         N/A       100%        6


Dungeon Overview and Level Annotations

Branches:
Dungeon (2/15)

Altars:

Shops:
D:1 :

Annotations:
D:2 Jessica, Natasha


Innate Abilities, Weirdness & Mutations

Your plain brown scales are hard. (AC +6)
You cannot fit into any form of body armour.
You are cold-blooded and may be slowed by cold attacks.
You are strong-willed. (Will+)


Message History

Robin hits you but does no damage. The goblin barely misses you.
The goblin completely misses you.
Natasha, Servant of Life and Death comes into view.
The goblin hits you but does no damage.
Robin hits you from afar with a +0 spear.
* * * LOW HITPOINT WARNING * * *
Robin barely misses you.
Items here: ))))))) ††††.
You slash Robin!
Robin is severely wounded.
The goblin hits you but does no damage. Robin barely misses you.
The goblin misses you. Robin barely misses you.
Unknown command.
You hit Robin. You tail-slap Robin.
Robin is almost dead.
The goblin no longer looks unusually strong.
The goblin closely misses you.
Jessica shouts, "I don't like beings like you!"
Robin hits you but does no damage. The goblin completely misses you.
Robin closely misses you.
You slash Robin!
You kill Robin!
The goblin hits you but does no damage. The goblin hits you with a +0 club.
* * * LOW HITPOINT WARNING * * *
The hobgoblin hits you but does no damage.
Unknown command.
You hit the hobgoblin.
The hobgoblin is heavily wounded.
The goblin hits you with a +0 club.
* * * LOW HITPOINT WARNING * * *
The hobgoblin hits you but does no damage.
The goblin closely misses you. The hobgoblin barely misses you.
Unknown command.
You hit the goblin.
You kill the goblin!
The hobgoblin hits you.
* * * LOW HITPOINT WARNING * * *
Jessica gestures wildly.
The hobgoblin hits you.
You die...

#..............###.#..<..#.#....
#..............#.......#..).....
#...............................
##...##.##....##......##...†....
######.##....##......h.........
#.....##....####..............
#.....##....# #..........###.
###.....####.#####..............
#......>.....@g@g...............
#.......#.....###.......####....
#.......#.....# #.......# #....
###.....#.....# #.......# #....
###...#.....###.......# ##....
#####..g...##.......# #.....
##g.....##.......###.....
####..@.....................
#...)..........#####.......#


You could see Jessica, a hobgoblin (strong) and a goblin.

Vanquished Creatures
  Sigmund (D:2)
  Natasha (twice) (D:2)
  Robin (D:2)
  2 adders (D:2)
  A dart slug (D:2)
  2 bats
  4 endoplasms
  A giant cockroach (D:1)
  12 goblins
  3 hobgoblins
  7 jackals
  A quokka (D:1)
  5 ball pythons (D:1)
  3 frilled lizards (D:1)
  2 kobolds
  3 rats
50 creatures vanquished.

Notes
Turn   | Place    | Note
-------+----------+-------------------------------------------
     0 | D:1      | rageheart7 the Draconian Monk began the quest for the Orb.
     0 | D:1      | Reached XP level 1. HP: 19/19 MP: 1/1
    11 | D:1      | Found Qeadwae's Book Shop.
   102 | D:1      | Reached XP level 2. HP: 26/27 MP: 2/2
   185 | D:1      | Reached skill level 4 in Fighting
   230 | D:1      | Found a faded altar of an unknown god.
   821 | D:2      | Reached XP level 3. HP: 32/34 MP: 3/3
  1120 | D:2      | Noticed Sigmund
  1123 | D:2      | Gained mutation: You are strong-willed. (Will+) [potion of
                  | mutation]
  1140 | D:2      | Killed Sigmund
  1141 | D:2      | Reached skill level 6 in Fighting
  1141 | D:2      | Reached XP level 4. HP: 6/44 MP: 0/4
  1141 | D:2      | Reached XP level 5. HP: 7/50 MP: 0/5
  1489 | D:2      | Noticed Natasha
  1491 | D:2      | Killed Natasha
  1516 | D:2      | Noticed Natasha
  1525 | D:2      | Killed Natasha
  1526 | D:2      | Reached XP level 6. HP: 20/58 MP: 2/6
  1790 | D:2      | Noticed Jessica
  1793 | D:2      | Noticed Robin
  1824 | D:2      | Noticed Natasha
  1828 | D:2      | Killed Robin
  1830 | D:2      | Slain by a hobgoblin

Illustrated notes

Levels and vault maps discovered:
D:1:      heliophobic_arrival_ceremonial_halls, layout_basic,
          dreamdust_ecumenical_altar_angels_and_demons, serial_shops,
          nicolae_diamond_shop, minmay_ruptured
D:2:      layout_basic, uniq_sigmund, uniq_natasha, uniq_jessica, uniq_robin

Skill      XL: |  1  2  3 |
---------------+----------+-----
Fighting       | 4 6 |  6.5
Maces & Flails | 4 |  4.5
Dodging        | |  2.6
Stealth        | |  1.7

Action                   |  1- 3 |  4- 6 || total
-------------------------+-------+-------++-------
Melee: Mace              |    98 |     7 ||   105
       Tailslap          |    11 |     6 ||    17
       Punch             |     1 |       ||     1
       Scythe            |       |    37 ||    37
  Use: Potion            |     3 |       ||     3
 Stab: Sleeping          |     1 |       ||     1
Armor: Skin              |    47 |    35 ||    82
Dodge: Dodged            |   105 |    78 ||   183

Table legend: (Time is in decaauts)
 A = Elapsed time spent in this place.
 B = Non-inter-level travel time spent in this place.
 C = Inter-level travel time spent in this place.
 D = Time resting spent in this place.
 E = Time spent auto-exploring this place.
 F = Levels seen in this place.
 G = Mean time per level.
                   A        B        C        D        E       F      G
               +--------+--------+--------+--------+--------+-----+--------+
         Total |   1891 |   1887 |      4 |      0 |   1522 |   2 |  945.5 |
       Dungeon |   1891 |   1887 |      4 |      0 |   1522 |   2 |  945.5 |
               +--------+--------+--------+--------+--------+-----+--------+

Top non-repeatable levels by time:
     D:2: 1092 daAuts
     D:1: 799 daAuts
